cohdb
Replays
Latest Replays
All Replays
Popular Replays
Top Player Replays
Match Explorer
How It Works
Community
CoH3 Stats
Reddit
Sign in to upload your games and track your stats! →
Sign in with Steam
Match 41962904
Unlisted
Match 41962904
Overview
Messages
Build Orders
End
Engineer Squad
Selects Special Operations Battlegroup
Selects M29 Weasel Recon Vehicle
M29 Weasel Recon Vehicle
Construct Barracks
Riflemen Squad
Riflemen Squad
Infantry Support Center
Riflemen Squad
Construct Motor Pool
M8 Greyhound Armored Car
M8 Greyhound Armored Car
Grenade Package
Construct Medical Station
Selects P-47 Anti-Infantry Loiter
Selects Raiding Flares
M1918 Browning Automatic Rifles
Riflemen Squad
M24 Chaffee Light Tank
M24 Chaffee Light Tank
P-47 Anti-Infantry Loiter
Selects M4A1 Sherman Whizbang
Riflemen Squad
Riflemen Squad
T.R. 3nder
HulkSMASH
0
0
Comments
sign in to comment!
No comments posted yet!